 Dungeon Crawl Stone Soup version 0.23.2-40-g277498a001 (webtiles) character file.

Game seed: 557345924375510080

1456 DiaVolo the Cudgeler (level 8, -8/70 HPs)
             Began as a Minotaur Fighter on Aug 14, 2019.
             Was an Initiate of Trog.
             Mangled by a two-headed ogre
             ... wielding a +0 giant spiked club
              (14 damage)
             ... on level 8 of the Dungeon.
             The game lasted 00:18:28 (2870 turns).

DiaVolo the Cudgeler (Minotaur Fighter)             Turns: 2870, Time: 00:18:30

Health: -8/70      AC: 13    Str: 22    XL:     8   Next: 47%
Magic:  7/7        EV:  6    Int:  5    God:    Trog [......]
Gold:   114        SH: 10    Dex: 11    Spells: 7/7 levels left

rFire    . . .     SeeInvis .   w - +3 long sword
rCold    + . .     Gourm    .   c - +0 shield
rNeg     . . .     Faith    .   o - +0 plate armour
rPois    .         Spirit   .   (helmet restricted)
rElec    .         Reflect  .   (no cloak)
rCorr    .         Harm     .   (no gloves)
MR       .....                  (no boots)
Stlth    ..........             (no amulet)
HPRegen  0.21/turn              m - ring of protection from cold
MPRegen  0.10/turn              (no ring)

@: no status effects
A: retaliatory headbutt, horns 2
a: Renounce Religion


You were on level 8 of the Dungeon.
You worshipped Trog.
Trog was noncommittal.
You were not hungry.

You visited 2 branches of the dungeon, and saw 9 of its levels.

You collected 114 gold pieces.

Inventory:

Hand Weapons
 a - a +0 flail
 h - a +0 scythe
 i - a +0 hunting sling {The World}
 s - a +0 giant spiked club
 u - a +1 short sword of holy wrath
 v - a +2 falchion
 w - a +3 long sword (weapon)
Missiles
 j - 98 sling bullets (quivered)
 l - 37 arrows
 q - 5 poisoned needles
Armour
 b - a +0 scale mail
 c - a +0 shield (worn)
 o - a +0 plate armour (worn)
Jewellery
 m - a ring of protection from cold (left hand)
Scrolls
 e - a scroll of remove curse {unknown}
 g - a scroll of fog {unknown}
 k - 2 scrolls of enchant weapon {unknown}
 n - a scroll of blinking {unknown}
 r - 3 scrolls of teleportation {unknown}
 t - a scroll of magic mapping {unknown}
 x - a scroll of identify {unknown}
Potions
 d - a potion of might
 p - a potion of resistance {unknown}
 z - a potion of magic {unknown}
Comestibles
 f - 7 rations


   Skills:
 + Level 6.3 Fighting
 + Level 1.6 Long Blades
 + Level 7.5 Maces & Flails
 + Level 1.1 Polearms
 + Level 6.9 Armour
 + Level 2.2 Dodging
 + Level 0.5 Stealth
 + Level 6.5 Shields


You had 7 spell levels left.
You didn't know any spells.
Your spell library was empty.

Dungeon Overview and Level Annotations

Branches:
Dungeon (8/15)             Temple (1/1) D:5
   Lair: D:8-11

Altars:
Cheibriados
Gozag
Kikubaaqudgha
Qazlal
Ru
Trog
Uskayaw
Vehumet
Wu Jian
Xom

Shops:
D:5 ?


Innate Abilities, Weirdness & Mutations

You reflexively headbutt those who attack you in melee.
You have a pair of horns on your head.


Message History

You kill the adder!
Trog accepts your kill.
z - a smoky brown potion Unknown command.
A two-headed ogre comes into view.
It is wielding two +0 giant spiked clubs.
The two-headed ogre shouts in stereo!
Found a scroll labeled GUFIEGH NENNAAPP.
An adder skeleton comes into view.
You hit the two-headed ogre but do no damage.
You headbutt the two-headed ogre.
The two-headed ogre is lightly wounded.
The two-headed ogre hits you with a +0 giant spiked club!! x2
Unknown command.
You hit the two-headed ogre.
Your headbutt misses the two-headed ogre.
The two-headed ogre is lightly wounded.
The two-headed ogre hits you with a +0 giant spiked club!!
* * * LOW HITPOINT WARNING * * *
The two-headed ogre hits you with a +0 giant spiked club!
You die...

............ .....###.#
#..##......# .........#
#...#.......
.........######...........
......... #....##.##......
.....Z...##....##.........
........##.....##...(.....
........#..........#......
........#@.....##..#.##.##
......##O......###....###
.........###..## #...##
####......##### ##.##
####...# ### ##.## ###


You could see a two-headed ogre.

Vanquished Creatures
  Sigmund (D:3)
  A black bear (D:6)
  An ice beast (D:8)
  A sky beast (D:6)
  2 necrophages
  4 ogres
  3 wights (D:6)
  A crimson imp (D:8)
  2 hounds
  A jelly (D:5)
  An orc wizard (D:4)
  4 worker ants
  5 gnolls
  6 adders
  6 orcs
  A ball python (D:5)
  2 giant cockroaches
  3 goblins
  3 hobgoblins
  12 jackals
  3 kobolds
  2 quokkas (D:5)
  2 frilled lizards
  2 leopard gecko skeletons (D:5)
  A quokka zombie (D:6)
70 creatures vanquished.

Notes
Turn   | Place    | Note
-------+----------+-------------------------------------------
     0 | D:1      | DiaVolo the Minotaur Fighter began the quest for the Orb.
     0 | D:1      | Reached XP level 1. HP: 19/19 MP: 0/0
   229 | D:2      | Reached XP level 2. HP: 27/27 MP: 1/1
   669 | D:3      | Reached skill level 3 in Maces & Flails
   669 | D:3      | Reached XP level 3. HP: 33/33 MP: 2/2
   763 | D:3      | Noticed Sigmund
   816 | D:3      | Killed Sigmund
   816 | D:3      | Reached skill level 4 in Maces & Flails
   816 | D:3      | Reached skill level 1 in Dodging
   816 | D:3      | Reached skill level 5 in Shields
   816 | D:3      | Reached XP level 4. HP: 25/41 MP: 3/3
   816 | D:3      | Reached XP level 5. HP: 29/47 MP: 4/4
  1760 | D:4      | Reached XP level 6. HP: 46/53 MP: 5/5
  1893 | D:4      | Reached skill level 5 in Fighting
  1893 | D:4      | Reached skill level 5 in Maces & Flails
  1893 | D:4      | Reached skill level 5 in Armour
  1925 | D:4      | Reached XP level 7. HP: 38/61 MP: 6/6
  1930 | D:4      | Reached skill level 1 in Polearms
  2130 | D:5      | Entered Level 5 of the Dungeon
  2272 | D:5      | Reached skill level 6 in Maces & Flails
  2314 | D:5      | Found Ceddov's Magic Scroll Emporium.
  2429 | D:5      | Found a staircase to the Ecumenical Temple.
  2437 | Temple   | Entered the Ecumenical Temple
  2557 | Temple   | Became a worshipper of Trog the Wrathful
  2654 | D:6      | Reached XP level 8. HP: 61/70 MP: 7/7
  2662 | D:6      | Reached skill level 7 in Maces & Flails
  2818 | D:8      | Reached skill level 1 in Long Blades
  2864 | D:8      | Noticed a two-headed ogre
  2870 | D:8      | Mangled by a two-headed ogre

Skill      XL: |  1  2  3  4  5  6  7  8 |
---------------+-------------------------+-----
Fighting       | 4 5 6 |  6.3
Armour         | 4 5 6 |  6.9
Maces & Flails | 3 4 5 6 7 |  7.5
Shields        | 4 5 6 |  6.5
Dodging        | 1 2 |  2.2
Polearms       | 1 |  1.1
Long Blades    | 1 |  1.6
Stealth        | |  0.5

Action                   |  1- 3 |  4- 6 |  7- 9 || total
-------------------------+-------+-------+-------++-------
Melee: Flail             |    70 |    43 |    86 ||   199
       Headbutt          |     7 |    14 |    22 ||    43
       Scythe            |       |    33 |       ||    33
       Long sword        |       |       |    20 ||    20
  Use: Potion            |     2 |       |     1 ||     3
  Eat: Ration            |       |     1 |     1 ||     2
Armor: Scale mail        |    21 |       |       ||    21
       Plate armour      |    19 |    57 |    58 ||   134
Dodge: Dodged            |    26 |    33 |    16 ||    75
Block: Shield            |    38 |    18 |    54 ||   110
